 Seeded DCSS version 0.28-a0-773-g130ae17fe5 (webtiles) character file.

Game seed: 20211130 (custom seed)

82 a11behringer the Covered (level 4, -8/28 HPs)
             Began as a Gargoyle Fighter on Nov 1, 2021.
             Was a Follower of Yredelemnul.
             Mangled by Crazy Yiuf (10 damage)
             ... on level 3 of the Dungeon.
             The game lasted 00:06:25 (2976 turns).

a11behringer the Covered (Gargoyle Fighter)         Turns: 2976, Time: 00:06:26

Health: -8/28      AC: 10    Str: 20    XL:     4   Next: 43%
Magic:  0/4        EV:  9    Int:  9    God:    Yredelemnul [*.....]
Gold:   108        SH:  4    Dex:  9    Spells: 3/3 levels left

rFire   . . .      SeeInvis +   a - +0 flail
rCold   . . .      Faith    .   c - +0 buckler
rNeg    + . .      Spirit   +   b - +0 scale mail
rPois   ∞          Reflect  .   (no helmet)
rElec   +          Harm     .   (no cloak)
rCorr   .          Rampage  .   (no gloves)
Will    .....                   (no boots)
Stlth   ..........              e - amulet of guardian spirit
HPRegen 0.09/turn               i - ring of see invisible
MPRegen 0.09/turn               (no ring)

@: no status effects
A: sickness immunity, AC +3, negative energy resistance 1, electricity
resistance, torment resistance 1, petrification resistance
a: Renounce Religion, Animate Remains


You were on level 3 of the Dungeon.
You worshipped Yredelemnul.
Yredelemnul was aware of your devotion.
You visited 1 branch of the dungeon, and saw 3 of its levels.

You collected 108 gold pieces.

Inventory:

Hand Weapons
 a - a +0 flail (weapon)
Missiles
 f - 61 bolts
 h - 17 arrows
Armour
 b - a +0 scale mail (worn)
 c - a +0 buckler (worn)
Jewellery
 e - an amulet of guardian spirit (around neck)
 i - a ring of see invisible (left hand)
 p - a +4 ring of protection
Scrolls
 g - a scroll of immolation {unknown}
 k - a scroll of noise {unknown}
 l - 3 scrolls of identify {unknown}
 n - a scroll of enchant weapon {unknown}
 o - a scroll of acquirement {unknown}
 q - a scroll of fear {unknown}
Potions
 d - a potion of might
 j - a potion of mutation {unknown}
 m - a potion of degeneration {unknown}


   Skills:
 + Level 3.6 Fighting
 * Level 3.6 Maces & Flails
 + Level 3.7 Armour
 + Level 0.1 Dodging
 + Level 3.7 Shields


You had 3 spell levels left.
You didn't know any spells.
Your spell library was empty.

Dungeon Overview and Level Annotations

Branches:
Dungeon (3/15)

Altars:
Ashenzari
Cheibriados
Fedhas
Gozag
Kikubaaqudgha
Makhleb
Ru
Uskayaw
Yredelemnul

Annotations:
D:3 Crazy Yiuf


Innate Abilities, Weirdness & Mutations

You are immune to sickness and miasma.
Your stone body is resilient. (AC +3)
You are immune to poison.
You resist negative energy. (rN+)
You are resistant to electric shocks. (rElec)
You are resistant to unholy torment.
You are immune to petrification.


Message History

You hit Crazy Yiuf but do no damage. Crazy Yiuf closely misses you.
You hit Crazy Yiuf.
Crazy Yiuf is lightly wounded.
Crazy Yiuf barely misses you. Crazy Yiuf hits you but does no damage.
You barely miss Crazy Yiuf.
Crazy Yiuf is lightly wounded.
Crazy Yiuf whimpers, "Ten dark disdain!"
Crazy Yiuf hits you with a +2 quarterstaff of chaos!
You barely miss Crazy Yiuf.
Crazy Yiuf is lightly wounded.
Crazy Yiuf closely misses you.
You barely miss Crazy Yiuf.
Crazy Yiuf is lightly wounded.
Crazy Yiuf hits you with a +2 quarterstaff of chaos.
You feel your power leaking away.
You barely miss Crazy Yiuf.
Crazy Yiuf is lightly wounded.
Crazy Yiuf hits you with a +2 quarterstaff of chaos.
Crazy Yiuf closely misses you.
Your scale mail prevents you from hitting Crazy Yiuf.
Crazy Yiuf is lightly wounded.
Crazy Yiuf hits you with a +2 quarterstaff of chaos!
You feel your power leaking away.
You closely miss Crazy Yiuf.
Crazy Yiuf is lightly wounded.
Crazy Yiuf hits you with a +2 quarterstaff of chaos.
* * * LOW HITPOINT WARNING * * *
You sock Crazy Yiuf!
Crazy Yiuf is heavily wounded.
You block Crazy Yiuf's attack.
You hit Crazy Yiuf.
Crazy Yiuf is almost dead.
Crazy Yiuf hits you with a +2 quarterstaff of chaos.
* * * LOW HITPOINT WARNING * * *
Crazy Yiuf freezes you.
* * * LOW HITPOINT WARNING * * *
Crazy Yiuf laughs, "Proton light hand!"
Crazy Yiuf hits you with a +2 quarterstaff of chaos!
You die...
Your body rises from the dead as a mindless zombie.

###### #.# .....# #.# ####.####.#
#.#...## ###.#...# #.......#
##### #.#.#...# ### ###### #....
#.#.#...# #)..### ##P#..###....
#.......# #...g@####PP....##....
#.##....# #...##..#.P.....##....
#.###...# ### ###.#.P#...##....
#.......# #######...#....
##.###..# #...'.... #.#
#.#################...#.... ###.#
#.#...................###.. ....#
###.#.#.##............# #..
###########.#.##............###..


You could see Crazy Yiuf.

Vanquished Creatures
  2 adders (D:3)
  A gnoll (D:1)
  A worm (D:3)
  A dart slug (D:2)
  An orc (D:3)
  4 bats
  7 endoplasms
  4 giant cockroaches
  9 goblins
  2 hobgoblins
  4 quokkas
  A ball python (D:1)
  A frilled lizard (D:3)
  3 kobolds
  A rat (D:3)
42 creatures vanquished.

Notes
Turn   | Place    | Note
-------+----------+-------------------------------------------
     0 | D:1      | a11behringer the Gargoyle Fighter began the quest for the
                  | Orb.
     0 | D:1      | Reached XP level 1. HP: 14/14 MP: 1/1
    26 | D:1      | Reached XP level 2. HP: 19/19 MP: 2/2
   547 | D:1      | Reached XP level 3. HP: 23/23 MP: 3/3
   948 | D:2      | Found a blossoming altar of Fedhas.
  1321 | D:2      | Found a faded altar of an unknown god.
  1419 | D:2      | Prayed at the altar of an unknown god.
  1419 | D:2      | Became a worshipper of Yredelemnul the Dark
  1419 | D:2      | Reached * piety under Yredelemnul
  2080 | D:3      | Reached XP level 4. HP: 17/28 MP: 2/4
  2259 | D:3      | Found a snail-covered altar of Cheibriados.
  2367 | D:3      | Found a sacrificial altar of Ru.
  2368 | D:3      | Found an opulent altar of Gozag.
  2368 | D:3      | Found a hide-covered altar of Uskayaw.
  2368 | D:3      | Found an ancient bone altar of Kikubaaqudgha.
  2370 | D:3      | Found a broken altar of Ashenzari.
  2371 | D:3      | Found a burning altar of Makhleb.
  2962 | D:3      | Found a runed translucent door.
  2963 | D:3      | Noticed Crazy Yiuf
  2976 | D:3      | Mangled by Crazy Yiuf

Illustrated notes

Levels and vault maps discovered:
D:1:      mrwooster_arrival_arrow, layout_basic, wad_floor_pattern_untrapped
D:2:      layout_basic, shapermc_ecumenical_altar_mp_highgroup, basic_altar,
          amcnicky_mini_corridor_feature, minmay_pentomino_u2
D:3:      layout_basic, minitemple, uniq_crazy_yiuf_cottage

Skill      XL: |  1  2  3 |
---------------+----------+-----
Maces & Flails | 3 |  3.6
Fighting       | |  3.6
Armour         | |  3.7
Dodging        | |  0.1
Shields        | |  3.7

Action                   |  1- 3 |  4- 6 || total
-------------------------+-------+-------++-------
Melee: Flail             |   125 |    36 ||   161
Invok: Animate Remains   |     2 |       ||     2
Armor: Scale mail        |    61 |    16 ||    77
Dodge: Dodged            |    61 |    17 ||    78
Block: Buckler           |    40 |     8 ||    48

Table legend: (Time is in decaauts)
 A = Elapsed time spent in this place.
 B = Non-inter-level travel time spent in this place.
 C = Inter-level travel time spent in this place.
 D = Time resting spent in this place.
 E = Time spent auto-exploring this place.
 F = Levels seen in this place.
 G = Mean time per level.
                   A        B        C        D        E       F      G
               +--------+--------+--------+--------+--------+-----+--------+
         Total |   3019 |   2645 |    374 |      0 |   2254 |   3 | 1006.3 |
       Dungeon |   3019 |   2645 |    374 |      0 |   2254 |   3 | 1006.3 |
               +--------+--------+--------+--------+--------+-----+--------+

Top non-repeatable levels by time:
     D:3: 1211 daAuts
     D:2: 1080 daAuts
     D:1: 727 daAuts
